Map: Kairos Junction LE

Players

Violett

  • Race: Zerg Zerg
  • Spawn Location: 5:00

nalakuwala - Winner!

  • Race: Zerg Zerg
  • League: Master
  • Spawn Location: 11:00

VOD

Have the link to the VOD?

Description

Time

  • Played on: March 16, 2019, 3:02 p.m.
  • Length: 9:16
Show
View Real Time Build Order
Export as new Build Order

Violett Zerg 

Build Orders: Hatch First 

Get SALT Encoding   

  12  0:01  Drone  
  13  0:12  Overlord  
  13  0:17  Drone  
  14  0:31  Drone x2  
  16  0:37  Drone  
  17  0:55  Hatchery  
  17  0:56  Drone  
  17  1:06  Extractor  
  17  1:07  Drone  
  17  1:19  Spawning Pool, Drone  
  17  1:29  Drone  
  17  1:32  Evolution Chamber  
  17  1:33  Drone  
  17  1:39  Overlord  
  18  1:51  Drone  
  19  2:02  Drone  
  19  2:08  Queen  
  22  2:10  Zerg Melee Weapons Level 1  
  22  2:14  Drone x2  
  24  2:22  Queen  
  26  2:32  Overlord  
  26  2:38  Zergling x6  
  26  2:46  Zergling x4  
  26  2:51  Metabolic Boost  
  28  3:17  Zergling x6  
  28  3:18  Zergling x6  
  34  3:20  Zergling x4  
  34  3:25  Overlord  
  32  3:35  Zergling x4  
  34  3:41  Drone  
  34  3:47  Drone x3  
  38  3:55  Baneling Nest  
  36  3:59  Zergling x4  
  38  4:16  Zerg Ground Armor Level 1  
  38  4:18  Zergling x6  
  40  4:45  Lair  
  40  4:48  Zergling x10  
  40  4:49  Zergling x6  
  40  4:50  Zergling x2  
  40  4:57  Zergling x4  
  37  5:08  Zergling x4  
  37  5:09  Zergling x2  
  37  5:12  Baneling  
  37  5:13  Baneling x3  
  40  5:16  Zergling x4  
  42  5:32  Zergling x4  
  44  5:36  Overlord x2  
  44  5:42  Overlord  
  40  5:43  Overlord  
  32  5:50  Zergling x4  
  32  5:51  Zergling x2  
  34  5:58  Zergling x4  
  34  5:59  Zergling x2  
  36  6:09  Drone x3  
  38  6:23  Drone x2  
  38  6:24  Drone x3  
  43  6:34  Roach Warren  
  43  6:36  Extractor  
  42  6:40  Drone x2  
  42  6:42  Drone  
  42  6:44  Drone  
  42  6:45  Drone  
  46  7:12  Zergling x12  
  46  7:13  Zergling x6  
  46  7:26  Hatchery  
  45  7:36  Glial Reconstitution  
  45  7:38  Roach x3  
  45  7:39  Drone x4  
  45  7:42  Queen  
  48  8:01  Roach x4, Zergling x4  
  48  8:02  Zergling x4  
  60  8:10  Roach  
  62  8:18  Extractor  
  61  8:21  Extractor  
  60  8:28  Roach x3  
  60  8:29  Roach x4  
  60  8:30  Zergling x2  
  60  8:32  Zergling x2  
  76  8:38  Drone x3  
Show
View Real Time Build Order
Export as new Build Order

nalakuwala Zerg - Winner!

Build Orders: Pool First, Zergling Baneling 

Get SALT Encoding   

  12  0:01  Drone  
  13  0:09  Drone  
  14  0:18  Overlord  
  14  0:37  Drone x3  
  17  0:48  Spawning Pool  
  16  0:50  Drone  
  17  1:13  Hatchery  
  17  1:16  Drone  
  17  1:20  Drone  
  17  1:25  Drone  
  19  1:27  Extractor  
  18  1:36  Queen  
  20  1:45  Overlord  
  20  1:46  Zergling x2  
  21  1:59  Zergling x2  
  22  2:03  Drone  
  23  2:16  Drone  
  24  2:27  Baneling Nest  
  24  2:29  Drone x2  
  25  2:40  Drone  
  25  2:41  Drone  
  28  2:44  Drone  
  28  2:45  Zergling x2, Drone  
  28  2:49  Overlord  
  28  2:50  Drone  
  31  2:54  Metabolic Boost  
  31  2:58  Drone x2  
  32  3:09  Zergling x2  
  33  3:14  Baneling x2  
  33  3:15  Queen, Zergling x2  
  36  3:21  Zergling x4  
  38  3:27  Baneling x2  
  38  3:32  Zergling x2  
  38  3:33  Zergling x2  
  39  3:40  Queen  
  41  3:43  Zergling x2  
  42  3:52  Drone  
  43  3:59  Drone  
  43  4:00  Overlord x2  
  44  4:15  Overlord x2, Hatchery  
  43  4:22  Lair  
  40  4:31  Baneling x3  
  40  4:32  Zergling x6  
  40  4:33  Overlord, Zergling x10  
  47  4:41  Evolution Chamber  
  47  4:43  Drone x2  
  46  4:53  Baneling x2  
  46  4:56  Zergling x6  
  46  4:58  Overlord  
  48  5:00  Baneling  
  48  5:02  Drone  
  49  5:12  Drone  
  50  5:14  Extractor  
  50  5:15  Drone x2  
  50  5:16  Drone  
  50  5:19  Queen  
  53  5:28  Overseer  
  53  5:34  Drone  
  53  5:47  Baneling  
  53  5:48  Baneling x3  
  53  5:49  Drone  
  53  5:50  Drone x7  
  53  5:52  Extractor  
  53  5:53  Extractor  
  56  6:13  Overlord  
  56  6:14  Drone x2  
  56  6:16  Drone  
  56  6:17  Drone x4  
  63  6:26  Drone x3  
  63  6:30  Drone  
  67  6:32  Spire  
  66  6:40  Drone x3  
  69  6:48  Zergling x6  
  72  6:54  Drone  
  72  6:55  Drone  
  72  7:00  Drone x2  
  64  7:19  Drone  
  64  7:22  Spine Crawler  
  64  7:23  Drone  
  64  7:24  Drone x9  
  64  7:25  Spine Crawler  
  73  7:32  Zergling x4  
  75  7:41  Extractor  
  75  7:42  Baneling x3  
  74  7:46  Mutalisk x7  
  74  7:48  Extractor  
  82  7:59  Zergling x2  
  82  8:01  Baneling x2  
  82  8:02  Zergling x8  
  87  8:06  Zergling x2  
  87  8:07  Zergling x2  
  87  8:08  Hatchery  
  87  8:12  Zergling x8  
  92  8:15  Zergling x2  
  93  8:21  Zergling x4  
  95  8:27  Zergling x4  
  97  8:39  Hatchery  
  96  8:58  Drone x4  
Tags
 
Add a new tag
Caveats
  • Supply blocks, unpowered buildings, or Contaminate may cause inaccurate times.
  • Supply counts are checked every 10 seconds.